 Dungeon Crawl Stone Soup version 0.27-a0-1181-g5f64966fcc (webtiles) character file.

Game seed: 3632867658622509697

134691 Sobieck the Earth Mage (level 16, -1/149 HPs)
             Began as a Red Draconian Fire Elementalist on May 16, 2021.
             Was an Elder of Ashenzari.
             Succumbed to a redback's poison
             ... on level 1 of the Spider Nest on May 17, 2021.
             The game lasted 02:27:11 (39487 turns).

Sobieck the Earth Mage (DrFE)                      Turns: 39487, Time: 02:27:12

Health: -1/149     AC: 14    Str: 11    XL:     16   Next: 62%
Magic:  39/39      EV: 15    Int: 22    God:    Ashenzari [****..]
Gold:   2035       SH:  8    Dex: 12    Spells: 8/35 levels left

rFire    + + +     SeeInvis +   b - staff of fire {!astaff}
rCold    x . .     Faith    .   m - +3 buckler of Supernal Gnosis {Cun, Elem} (curse)
rNeg     . . .     Spirit   .   (armour unavailable)
rPois    .         Reflect  .   (helmet restricted)
rElec    .         Harm     .   D - +2 cloak of the Empyrean {Bglg, Cun} (curse)
rCorr    .         Rampage  .   (no gloves)
Will     +....     Clarity  +   B - +1 pair of boots "Visionary Mistrust" {Alch, Bglg} (curse)
Stlth    ++++......             i - amulet of Star-Bound Wisdom {Regen+, @e2, Elem, Comp} (curse)
HPRegen  1.34/turn              L - ring of the Cryptic Mistrust {Fire, Elem, Self} (curse)
MPRegen  0.26/turn              P - ring of Ashenzari's Secrets {MP+9, Bglg, Evo} (curse)

@: lethally poisoned (-1 -> -177)
A: breathe fire, AC +9, unfitting armour, fire resistance 1, cold-blooded
a: Breathe Fire, Renounce Religion, Curse Item, Shatter the Chains


You were on level 1 of the Spider Nest.
You worshipped Ashenzari.
Ashenzari was greatly pleased with you.
You visited 4 branches of the dungeon, and saw 25 of its levels.
You visited the Abyss 1 time.

You collected 3340 gold pieces.
You spent 1305 gold pieces at shops.


Innate Abilities, Weirdness & Mutations

You can breathe blasts of fire.
Your fiery red scales are hard. (AC +9)
You cannot fit into any form of body armour.
Your flesh is heat resistant. (rF+)
You are cold-blooded and may be slowed by cold attacks.


   Skills:
 - Level 13.4(15.3) Fighting
 - Level 3.5 Short Blades
 - Level 4.5(7.9) Dodging
 - Level 7.0(10.5) Stealth
 - Level 4.0 Shields
 - Level 8.1(10.3) Spellcasting
 * Level 14.1(18.2) Conjurations
 + Level 13.8(17.9) Fire Magic
 - Level 16.1(20.0) Earth Magic


You had 8 spell levels left.
You knew the following spells:

 Your Spells              Type           Power      Damage    Failure   Level
a - Foxfire               Conj/Fire      100%       2x1d9     0%          1
b - Sticky Flame          Conj/Fire      100%       2d11      1%          4
c - Fireball              Conj/Fire      58%        3d22      1%          5
d - Lee's Rapid Deconstr  Erth           39%        3d20*     1%          5
e - Stone Arrow           Conj/Erth      100%       3d13      0%          3
f - Fire Storm            Conj/Fire      58%        8d15      98%         9

Your spell library contained the following spells:

 Spells                   Type           Power      Damage    Failure   Level
 Magic Dart               Conj           100%       1d8       0%          1
 Sandblast                Erth           100%       2d20      0%          1
 Conjure Flame            Conj/Fire      100%       6-21      0%          3
 Shock                    Conj/Air       100%       1d9       1%          1
 Passwall                 Tmut/Erth      45%        N/A       1%          2
 Static Discharge         Conj/Air       52%        N/A       1%          2
 Inner Flame              Hex/Fire       87%        N/A       1%          3
 Mephitic Cloud           Conj/Pois/Air  39%        N/A       1%          3
 Leda's Liquefaction      Hex/Erth       27%        N/A       1%          4
 Petrify                  Tmut/Erth      54%        N/A       1%          4
 Lightning Bolt           Conj/Air       26%        1d42      3%          5
 Corona                   Hex            15%        N/A       4%          1
 Summon Small Mammal      Summ           48%        N/A       5%          1
 Blink                    Tloc           N/A        N/A       7%          2
 Slow                     Hex            14%        N/A       7%          2
 Call Imp                 Summ           12%        N/A       8%          2
 Confusing Touch          Hex            14%        N/A       13%         3
 Portal Projectile        Hex/Tloc       28%        N/A       13%         3
 Swiftness                Air            14%        N/A       13%         3
 Summon Guardian Golem    Hex/Summ       13%        N/A       14%         3
 Call Canine Familiar     Summ           12%        N/A       16%         3
 Lehudib's Crystal Spear  Conj/Erth      38%        10d10     16%         8
 Airstrike                Air            7%         N/A       41%         4
 Cause Fear               Hex            7%         N/A       41%         4
 Summon Ice Beast         Ice/Summ       13%        N/A       43%         4
 Summon Lightning Spire   Summ/Air       13%        N/A       43%         4
 Silence                  Hex/Air        7%         N/A       77%         5
 Yara's Violent Unravell  Hex/Tmut       6%         3d5       78%         5
 Invisibility             Hex            14%        N/A       100%        6
 Chain Lightning          Conj/Air       26%        N/A       100%        8
 Discord                  Hex            7%         N/A       100%        8
 Absolute Zero            Ice            7%         ∞         100%        9

Inventory:

Hand Weapons
 a - a +9 dagger of electrocution {short}
   (You took it off a goblin on level 6 of the Dungeon)
Missiles
 e - 9 atropa-tipped darts {throwing}
 j - 10 javelins {throwing}
 n - 78 poisoned darts {throwing}
 v - 8 boomerangs {throwing}
 Q - 9 curare-tipped darts {=fthrowing}
 T - 2 throwing nets {=f!fthrowing}
Armour
 m - the cursed +3 buckler of Supernal Gnosis (worn) {Cun, Elem}
   (You found it on level 1 of the Dungeon)

   It has a curse which improves the following skills: Cunning: Dodging and
   Stealth.
   Elements:  Fire Magic, Ice Magic, Air Magic and Earth Magic.
 x - a +0 kite shield
   (You found it on level 6 of the Lair of Beasts)
 B - the cursed +1 pair of boots "Visionary Mistrust" (worn) {Alch, Bglg}
   (You found it on level 5 of the Dungeon)

   It has a curse which improves the following skills: Alchemy: Poison Magic and
   Transmutations.
   Beguiling: Conjurations, Hexes and Translocations.
 D - the cursed +2 cloak of the Empyrean (worn) {Bglg, Cun}
   (You took it off Crazy Yiuf on level 5 of the Dungeon)

   It has a curse which improves the following skills: Beguiling: Conjurations,
   Hexes and Translocations.
   Cunning:   Dodging and Stealth.
 G - a scarf of shadows
   (You found it on level 5 of the Lair of Beasts)
 Y - a +2 cloak
   (You found it on level 10 of the Dungeon)
Magical Staves
 b - a staff of fire (weapon) {!astaff}
   (You found it on level 10 of the Dungeon)
Jewellery
 i - the cursed amulet of Star-Bound Wisdom (around neck) {Regen+, @e2, Elem, Comp}
   (You found it on level 1 of the Dungeon)

   [amulet of regeneration]

   It increases your rate of health regeneration.
   It has a curse which improves the following skills: Elements: Fire Magic, Ice
   Magic, Air Magic and Earth Magic.
   Companions: Summonings and Necromancy.
 l - an amulet of magic regeneration {@e2}
   (You bought it in a shop on level 2 of the Orcish Mines)
 L - the cursed ring of the Cryptic Mistrust (left hand) {Fire, Elem, Self}
   (You found it on level 7 of the Dungeon)

   [ring of fire]

   It enhances your fire magic.
   It protects you from fire.
   It makes you vulnerable to cold.
   It has a curse which improves the following skills: Elements: Fire Magic, Ice
   Magic, Air Magic and Earth Magic.
   Introspection: Fighting and Spellcasting.
 M - a ring of wizardry
   (You found it on level 1 of the Spider Nest)
 P - the cursed ring of Ashenzari's Secrets (right hand) {MP+9, Bglg, Evo}
   (You found it on level 8 of the Dungeon)

   [ring of magical power]

   It affects your magic capacity (+9).
   It has a curse which improves the following skills: Beguiling: Conjurations,
   Hexes and Translocations.
   Evocations: Evocations.
 X - a ring of magical power
   (You found it on level 1 of the Lair of Beasts)
Wands
 w - a wand of paralysis (6)
   (You found it on level 13 of the Dungeon)
 z - a wand of iceblast (25)
   (You found it on level 5 of the Dungeon)
 E - a wand of mindburst (31)
   (You found it on level 11 of the Dungeon)
 O - a wand of polymorph (18)
   (You found it on level 7 of the Dungeon)
 R - a wand of charming (10)
   (You found it on level 3 of the Lair of Beasts)
 U - a wand of acid (1)
   (You found it on level 10 of the Dungeon)
Scrolls
 c - a scroll of blinking {!r}
 f - 4 scrolls of fear
 k - 12 scrolls of teleportation {@r4}
 o - 4 scrolls of enchant armour
 p - 2 scrolls of holy word
 q - 2 scrolls of enchant weapon
 u - 4 scrolls of vulnerability {!r!r}
 y - 6 scrolls of summoning
 I - 2 scrolls of silence {!r}
 V - 4 scrolls of magic mapping {!r}
Potions
 d - 3 potions of brilliance
 g - 3 potions of mutation {!q}
 r - 2 potions of resistance
 s - 2 potions of lignification {!q}
 t - 2 potions of heal wounds {@q2}
 A - 3 potions of curing {@q1}
 F - 3 potions of cancellation
 H - 2 potions of berserk rage {!q}
 J - a potion of haste {@q3}
 K - 5 potions of ambrosia
 N - a potion of invisibility
 S - a potion of attraction {!q}
Miscellaneous
 h - a phial of floods
   (You found it on level 10 of the Dungeon)
 C - a phantom mirror
   (You found it on level 6 of the Lair of Beasts)
 W - a box of beasts
   (You found it on level 3 of the Lair of Beasts)
 Z - a piece from Xom's chessboard (15/15)
   (You found it on level 10 of the Dungeon)

Dungeon Overview and Level Annotations

Branches:
Dungeon (15/15)            Temple (0/1) D:5            Lair (6/6) D:9
 Shoals (0/4) Lair:4       Spider (2/4) Lair:2        Slime (0/5) Lair:6
    Orc (2/2) D:12            Elf (0/3) Orc:2        Vaults (0/5) D:14
 Depths (0/5) D:15

Altars:
Ashenzari
Cheibriados
Dithmenos
Elyvilon
Gozag
Makhleb
Nemelex Xobeh
Okawaru
Ru
Trog
Vehumet
Wu Jian
Zin
Beogh
Jiyva

Shops:
D:4 (   D:12 *   D:15 !   Orc:2 **(?=

Annotations:
D:2 Sigmund
D:5 exclusion: downstairs
D:8 exclusion: downstairs
D:10 exclusion: downstairs
D:11 Wand of digging needed to break open vault
Spider:2 Arachne

###^.#### ######### ##...#...##
#≈..#....
###........≈####........
#####.......######.......
###.........≈..##........
##....................... ###
##.....#.................
#≈####.....ss................
#...##......@................
##...........s.†..............
#.......................#.....
##...^.........................
#...........##........)...^....
#........≈...#.............#...
##........................#....
##≈≈............^.............
##≈..#............#...#......


You could see a wolf spider and 2 redbacks.


Message History

You climb downwards.
Level annotation: Arachne
There is a stone staircase leading up, spattered with blood here.
Press: ? - help, Shift-Dir - straight line, f - redback
Aim: a redback (wandering, hasn't noticed you)
You breathe a blast of fire!
The fiery breath hits the redback!
The redback is engulfed in blazing flames.
You feel a strong surge of power!
You conjure some foxfire! 😎 MP[-1]
You lost 1 mp, and now have 38/39 mp.
You feel a strong surge of power!
You conjure some foxfire!
The foxfire hits the redback. x2 😎 MP[-1]
You lost 1 mp, and now have 37/39 mp.
You feel a strong surge of power!
You conjure some foxfire!
The foxfire hits the redback. x2
You kill the redback! 😎 MP[-1]
You lost 1 mp, and now have 36/39 mp.
You start resting.
A jumping spider is nearby! 😎 MP[+1]
You feel a strong surge of power!
You conjure some foxfire!
The foxfire hits the jumping spider! x2
A tarantella comes into view. 😎 MP[-1]
You lost 1 mp, and now have 36/39 mp.
You feel a strong surge of power!
You conjure some foxfire!
The jumping spider leaps! x2; The foxfire hits the jumping spider!
The foxfire hits the jumping spider. 😎 MP[-1]
You lost 1 mp, and now have 35/39 mp.
You feel a strong surge of power!
You conjure some foxfire!
The foxfire hits the jumping spider but does no damage. x2
The jumping spider leaps! 😎 MP[-1]
You lost 1 mp, and now have 34/39 mp.
You feel a strong surge of power!
You conjure some foxfire!
The foxfire hits the tarantella.
A redback comes into view.
You feel a strong surge of power!
You conjure some foxfire!
The foxfire hits the jumping spider.
The foxfire hits the tarantella. x2
A wolf spider comes into view.
The jumping spider leaps!
A redback comes into view. 😎 MP[-1]
You lost 1 mp, and now have 33/39 mp.
You can't do that yet.
Unknown command.
The foxfire hits the tarantella. x2; The jumping spider leaps!
The tarantella misses you. The tarantella barely misses you.
You climb upwards.
There is a stone staircase leading down, spattered with blood here. 😎 MP[+1]
Casting: Foxfire (safe; 0% risk of failure)
Confirm with . or Enter, or press ? or * to list all spells.
Aiming: Sticky Flame (safe; 1% risk of failure)
Press: ? - help, Shift-Dir - straight line, f - tarantella
Aim: a tarantella (heavily wounded, 100% to hit)
You feel a strong surge of power!
The sticky flame hits the tarantella!
You kill the tarantella! 😎 MP[-4]
You lost 4 mp, and now have 30/39 mp.
You start resting.
You have got your breath back. 😎 MP[+9]
Your mp is fully restored (39).
You climb downwards.
Level annotation: Arachne The wolf spider hits you!
You block the wolf spider's attack. The redback bites you!
You are poisoned.
The redback poisons you! The redback bites you.
You are more poisoned.
The redback poisons you! The wolf spider closely misses you.
The wolf spider bites you!
You are more poisoned.
The wolf spider poisons you! The redback bites you!
You are lethally poisoned!
The redback poisons you!
The jumping spider leaps!
The redback closely misses you.
The wolf spider hisses angrily. x2
There is a stone staircase leading up, spattered with blood here. 😮 HP[-48]
You take 48 damage, and now have 101/149 hp.
MASSIVE DAMAGE!! (PAUSE)
* * * LOW HITPOINT WARNING * * *
You feel extremely sick. The wolf spider barely misses you.
You block the wolf spider's attack.
The redback bites you but does no damage.
The redback completely misses you. You block the wolf spider's attack.
The wolf spider bites you.
* * * LOW HITPOINT WARNING * * *
You are more poisoned.
The wolf spider poisons you! The redback bites you!
* * * LOW HITPOINT WARNING * * *
You are more poisoned.
The redback poisons you!
You climb upwards.
You die...

Skill      XL: |  1  2  3  4  5  6  7  8  9 10 11 12 13 14 15 16 |
---------------+-------------------------------------------------+-----
Dodging        | 2 3 4 |  4.5
Stealth        | 2 3 4 6 7 |  7.0
Fighting       | 1 2 3 5 7 10 13 | 13.4
Shields        | 1 2 3 4 |  4.0
Conjurations   | 2 3 4 9 12 14 | 14.1
Spellcasting   | 3 4 5 7 8 |  8.1
Fire Magic     | 5 6 7 8 10 12 13 | 13.8
Earth Magic    | 1 8 12 14 15 16 | 16.1
Short Blades   | 2 3 |  3.5

Action                   |  1- 3 |  4- 6 |  7- 9 | 10-12 | 13-15 | 16-18 || total
-------------------------+-------+-------+-------+-------+-------+-------++-------
Melee: Short sword       |    13 |       |       |       |       |       ||    13
       Tailslap          |     3 |    15 |     7 |    32 |    18 |       ||    75
       Dagger            |    16 |    98 |    65 |   316 |   210 |       ||   705
       Quarterstaff      |       |     3 |       |       |       |       ||     3
 Cast: Foxfire           |    82 |   134 |   160 |   331 |   827 |    93 ||  1627
       Sticky Flame      |       |     1 |     1 |     8 |    34 |    23 ||    67
       Fireball          |       |       |     3 |    13 |    81 |    37 ||   134
       Lee's Rapid Decon |       |       |       |    26 |   160 |    50 ||   236
       Stone Arrow       |       |       |       |       |    18 |    10 ||    28
Invok: Curse Item        |       |       |     2 |     2 |     2 |       ||     6
 Abil: Breathe Fire      |       |       |    21 |    27 |    71 |    30 ||   149
Evoke: Wand              |       |       |       |     7 |       |       ||     7
  Use: Scroll            |     3 |       |     2 |     4 |     9 |     1 ||    19
       Potion            |     1 |       |       |     2 |     1 |     3 ||     7
 Stab: Sleeping          |     1 |       |       |     3 |     5 |       ||     9
       Distracted        |       |       |       |     1 |     1 |       ||     2
Armor: Skin              |    20 |    73 |    25 |   184 |   246 |   143 ||   691
Dodge: Dodged            |    33 |   101 |    64 |   220 |   420 |   218 ||  1056
Block: Buckler           |       |       |    20 |    92 |   224 |   119 ||   455

Levels and vault maps discovered:
D:1:      tarquinn_simple_flora_water_c, layout_basic, minmay_tromino_v4_c
D:2:      layout_loops_ring, serial_aquarium, aquarium_bridge_square
          [aquarium_subvault_wall, aquarium_subvault_bridge,
          aquarium_subvault_wall, aquarium_subvault_wall],
          aquarium_bridge_island_small [aquarium_subvault_small_open,
          aquarium_subvault_wall, aquarium_subvault_bridge,
          aquarium_subvault_wall, aquarium_subvault_window],
          aquarium_window_fake, aquarium_window_fake, aquarium_window_corner,
          aquarium_window_fake, aquarium_view_2f, aquarium_view_2b,
          hellmonk_ecumenical_altar_inner_sanctum, uniq_robin, uniq_sigmund,
          uniq_terence
D:3:      layout_basic, kennysheep_okawaru_gauntlet, general_overflow_altar,
          lemuel_tele_altar, minmay_joined_circles
D:4:      layout_basic, jmf_multi_god_temple2, serial_shops,
          kennysheep_mini_moat
D:5:      layout_loops_ring, minmay_temple_entry_offerings,
          minmay_misc_feat_chi, uniq_crazy_yiuf_cottage
D:6:      layout_layer_cave, roderic_serpentine_path, minmay_ogre_servants
D:7:      layout_basic, chequers_temple_overflow_statue_of_worship,
          gammafunk_ghost_smash
D:8:      minmay_spotlight, layout_gridville,
          grunt_temple_overflow_order_and_chaos_2, chei_slow_surprise,
          kennysheep_island_fort
D:9:      layout_big_octagon
D:10:     minmay_the_grid_square_5x5_3x3 [minmay_the_grid_square_5x5_shuriken,
          minmay_the_grid_square_5x5_trominoes,
          minmay_the_grid_square_5x5_spiral, minmay_the_grid_square_5x5_longway,
          minmay_the_grid_square_5x5_megaprize_crossed,
          minmay_the_grid_square_5x5_minibox, minmay_the_grid_square_5x5_seven,
          minmay_the_grid_square_5x5_six,
          minmay_the_grid_square_5x5_almost_minimal], layout_basic,
          nicolae_ru_awakened_eye, st_stairs_7, hangedman_tell_no_tales,
          uniq_nergalle
D:11:     layout_loops_cross, minivault_12, uniq_fannar
D:12:     layout_gridville, orc_0_dummy, serial_shops,
          nicolae_shop_window_shopping, nrook_mini_vaults, lightli_wizard_tower
D:13:     layout_gridville
D:14:     layout_irregular_city, david_vaults_5, nicolae_dithmenos_the_darkroom,
          serial_glass, glass_columns_b, glass_columns_b
D:15:     gammafunk_depths_entry_grave, layout_rooms, trog_three_pillars_becter,
          serial_shops, shop
Lair:1:   layout_long_grid, serial_rivers, chequers_serial_rivers_micro_d,
          chequers_serial_rivers_small_3, chequers_serial_rivers_small_a,
          chequers_serial_rivers_micro_c, chequers_serial_rivers_small_b,
          chequers_serial_rivers_small_a, st_stairs_9
Lair:2:   regret_index_tunnel_blossom, layout_layer_cave,
          spider_nest_entry_rubble, minmay_lair_oklob_chamber
Lair:3:   layout_long_grid
Lair:4:   layout_roguey, minmay_shoals_entry_lonely_mermaid
Lair:5:   layout_long_grid, beast_lair_carwin_8, uniq_sonja
Lair:6:   due_jungle_book, layout_misc_corridors, slime_altar_1,
          portal_ice_cave_entry_ice_beasts, serial_bayou_lagoon_a,
          infiniplex_staircase_pool
Spider:1: layout_spider_delve, uniq_agnes
Spider:2: layout_spider_delve, nicolae_spider_bzzzt, uniq_arachne
Orc:1:    layout_caves, gammafunk_ghost_necromancy, basic_altar,
          nicolae_orc_lost_temple
Orc:2:    st_orc_elflike, layout_caves, serial_shops, nicolae_shop_trees,
          basic_altar

Notes
Turn   | Place    | Note
-------+----------+-------------------------------------------
     0 | D:1      | Sobieck the Draconian Fire Elementalist began the quest for
                  | the Orb.
     0 | D:1      | Reached XP level 1. HP: 14/14 MP: 3/3
     0 | D:1      | magus.rc [v1.9.6]
   373 | D:1      | Reached XP level 2. HP: 20/20 MP: 1/5
   559 | D:1      | Reached skill level 2 in Dodging
   643 | D:1      | Reached skill level 2 in Stealth
  1107 | D:2      | Reached XP level 3. HP: 27/27 MP: 2/6
  1194 | D:2      | Reached skill level 1 in Fighting
  1486 | D:2      | Noticed Sigmund
  1655 | D:3      | Found an iron altar of Okawaru.
  1732 | D:4      | Identified a scroll of acquirement
  1732 | D:4      | Acquired 435 gold pieces
  1780 | D:4      | Reached skill level 1 in Shields
  1781 | D:5      | Entered Level 5 of the Dungeon
  1822 | D:3      | Reached XP level 4. HP: 35/35 MP: 3/7
  2091 | D:3      | Found a broken altar of Ashenzari.
  2124 | D:3      | Became a worshipper of Ashenzari the Shackled
  2422 | D:3      | Found a radiant altar of Vehumet.
  2654 | D:4      | Learned a level 4 spell: Sticky Flame
  3083 | D:4      | Noticed a scorpion
  3098 | D:4      | Killed a scorpion
  3099 | D:4      | Reached skill level 2 in Fighting
  3099 | D:4      | Reached skill level 2 in Conjurations
  3099 | D:4      | Reached XP level 5. HP: 36/41 MP: 0/9
  3173 | D:4      | magus.rc [v1.9.6]
  3314 | D:4      | Found a large runed translucent door.
  3320 | D:4      | Found a large runed translucent door.
  3494 | D:4      | Found Ineadak's Antique Weapon Shop.
  3833 | D:3      | Reached XP level 6. HP: 35/48 MP: 4/10
  3839 | D:3      | Learned a level 5 spell: Fireball
  3889 | D:4      | Reached skill level 2 in Shields
  3889 | D:4      | Reached skill level 3 in Spellcasting
  4793 | D:5      | Found a staircase to the Ecumenical Temple.
  4796 | D:5      | You pick up a book of Air and begin reading...
  4796 | D:5      | You add the spells Shock, Static Discharge, Swiftness,
                  | Airstrike and Lightning Bolt to your library.
  4841 | D:5      | Noticed a sky beast
  4850 | D:5      | Killed a sky beast
  4851 | D:5      | Reached skill level 3 in Dodging
  4851 | D:5      | Reached skill level 3 in Stealth
  4851 | D:5      | Reached skill level 4 in Fire Magic
  5017 | D:5      | Your scales start taking on a fiery red colour.
  5017 | D:5      | Reached skill level 5 in Fire Magic
  5017 | D:5      | Reached XP level 7. HP: 56/56 MP: 11/11
  5017 | D:5      | Gained mutation: Your flesh is heat resistant. (rF+) [Red
                  | Draconian growth]
  5362 | D:5      | You pick up a book of Geomancy and begin reading...
  5362 | D:5      | You add the spells Sandblast, Passwall, Stone Arrow,
                  | Petrify and Lee's Rapid Deconstruction to your library.
  5452 | D:5      | Reached skill level 3 in Fighting
  5452 | D:5      | Reached skill level 3 in Conjurations
  5631 | D:6      | Noticed a vampire mosquito
  5631 | D:6      | Noticed a vampire mosquito
  5631 | D:6      | Noticed a vampire mosquito
  5638 | D:5      | Killed a vampire mosquito
  5639 | D:5      | Reached skill level 3 in Shields
  5642 | D:5      | Killed a vampire mosquito
  5847 | D:5      | Found a runed translucent door.
  5848 | D:5      | Noticed Crazy Yiuf
  5853 | D:5      | Killed Crazy Yiuf
  5854 | D:5      | Reached XP level 8. HP: 63/63 MP: 13/13
  6242 | D:6      | Reached skill level 4 in Spellcasting
  6245 | D:6      | Reached skill level 6 in Fire Magic
  6311 | D:6      | Reached skill level 4 in Dodging
  6483 | D:6      | Reached skill level 4 in Fighting
  6738 | D:6      | Reached skill level 4 in Conjurations
  6919 | D:6      | Reached skill level 4 in Shields
  7785 | D:7      | Found an ornate altar of the Wu Jian Council.
  7785 | D:7      | Found a white marble altar of Elyvilon.
  7786 | D:7      | Found an opulent altar of Gozag.
  7902 | D:7      | Identified the +2 great mace of Hobu {speed, rPois Str+2}
  7902 | D:7      | Noticed a two-headed ogre
  7904 | D:7      | Noticed MikuNakano's ghost (novice VSFi)
  7905 | D:7      | Found a transporter.
  7905 | D:7      | Found a transporter.
  7956 | D:7      | Reached skill level 5 in Fighting
  7956 | D:7      | Reached XP level 9. HP: 74/74 MP: 12/16
  8076 | D:7      | Reached skill level 5 in Spellcasting
  8076 | D:7      | Reached skill level 7 in Fire Magic
  8434 | D:7      | Reached * piety under Ashenzari
  8441 | D:7      | Learned a level 5 spell: Lee's Rapid Deconstruction
  8531 | D:7      | Reached skill level 5 in Conjurations
  8777 | D:8      | Reached skill level 6 in Conjurations
  9174 | D:8      | Identified the +7 chain mail "Zukhuj" {Int-5 Dex+4}
  9253 | D:8      | Reached skill level 7 in Conjurations
  9298 | D:8      | Reached skill level 8 in Conjurations
  9484 | D:9      | Noticed a two-headed ogre
  9489 | D:9      | Killed a two-headed ogre
  9490 | D:9      | Reached skill level 9 in Conjurations
  9490 | D:9      | Reached skill level 1 in Earth Magic
  9490 | D:9      | Reached XP level 10. HP: 84/84 MP: 10/19
  9660 | D:9      | Reached skill level 2 in Earth Magic
  9801 | D:8      | Found a burning altar of Makhleb.
  9804 | D:8      | Noticed a cacodemon
  9873 | D:8      | Found a glowing silver altar of Zin.
  9873 | D:8      | Noticed an angel
  9906 | D:8      | Reached skill level 3 in Earth Magic
  9921 | D:8      | Reached skill level 4 in Earth Magic
 10076 | D:8      | Reached skill level 5 in Earth Magic
 10151 | D:9      | Found a staircase to the Lair.
 10190 | D:8      | Found a snail-covered altar of Cheibriados.
 10220 | D:8      | Noticed a yaktaur captain
 10290 | D:8      | Killed a yaktaur captain
 10291 | D:8      | Reached skill level 7 in Earth Magic
 11078 | D:8      | Reached skill level 8 in Earth Magic
 11277 | D:8      | Reached XP level 11. HP: 91/92 MP: 20/20
 11354 | D:9      | Reached skill level 9 in Earth Magic
 11615 | D:9      | You pick up a book of Minor Magic and begin reading...
 11615 | D:9      | You add the spells Magic Dart, Blink, Call Imp, Slow and
                  | Mephitic Cloud to your library.
 11769 | D:10     | Entered Level 10 of the Dungeon
 11793 | D:10     | Noticed a two-headed ogre
 11808 | D:10     | Killed a two-headed ogre
 11834 | D:10     | Reached skill level 10 in Earth Magic
 11852 | D:10     | Noticed a tengu warrior
 11892 | D:9      | Killed a tengu warrior
 11991 | D:10     | Reached skill level 11 in Earth Magic
 12276 | D:10     | Noticed a wizard
 12285 | D:10     | Killed a wizard
 12286 | D:10     | Reached skill level 12 in Earth Magic
 12483 | D:10     | Found a sacrificial altar of Ru.
 12618 | D:10     | Noticed a fire dragon
 12865 | D:10     | Killed a fire dragon
 12866 | D:10     | Reached skill level 8 in Fire Magic
 13098 | D:10     | Noticed Nergalle
 13105 | D:10     | Noticed a spectral orc warlord
 13244 | D:10     | Reached XP level 12. HP: 100/100 MP: 21/21
 13284 | D:10     | Killed Nergalle
 13540 | D:11     | Reached skill level 9 in Fire Magic
 13716 | D:11     | Reached skill level 13 in Earth Magic
 14176 | D:11     | Identified the +8 battleaxe "Orb Guardian's Curse" {vamp,
                  | Int+3}
 14176 | D:11     | Identified the Compendium of Beguiling and Poisoning
 14176 | D:11     | Noticed a boulder beetle
 14176 | D:11     | Noticed an ogre mage
 14206 | D:11     | Noticed Fannar
 14209 | D:11     | Killed Fannar
 14439 | D:11     | Reached ** piety under Ashenzari
 14458 | D:11     | Reached skill level 6 in Fighting
 14629 | D:11     | Noticed a boulder beetle
 14652 | D:12     | Found Zuf Cugg's General Store.
 14655 | D:12     | Bought a scroll of enchant weapon for 97 gold pieces
 14936 | D:12     | Noticed a two-headed ogre
 14947 | D:12     | Killed a two-headed ogre
 15069 | D:12     | Noticed a two-headed ogre
 15087 | D:12     | Killed a two-headed ogre
 15088 | D:12     | Reached skill level 14 in Earth Magic
 15279 | D:12     | Reached skill level 4 in Stealth
 15463 | D:12     | You pick up a book of Callings and begin reading...
 15463 | D:12     | You add the spells Summon Small Mammal, Call Canine
                  | Familiar, Summon Guardian Golem, Summon Lightning Spire and
                  | Summon Ice Beast to your library.
 15487 | D:12     | Found a staircase to the Orcish Mines.
 15644 | D:12     | Reached skill level 7 in Fighting
 15949 | D:13     | Noticed a catoblepas
 15956 | D:13     | Killed a catoblepas
 15957 | D:13     | Reached skill level 10 in Fire Magic
 16086 | D:13     | Reached *** piety under Ashenzari
 16334 | D:13     | Reached XP level 13. HP: 111/111 MP: 24/24
 16334 | D:13     | magus.rc [v1.9.6]
 17012 | D:13     | Reached skill level 8 in Fighting
 17428 | D:14     | Found a shadowy altar of Dithmenos.
 17510 | D:14     | Found a gate to the Vaults.
 17517 | D:14     | Reached skill level 15 in Earth Magic
 18007 | Lair:1   | Entered Level 1 of the Lair of Beasts
 18008 | Lair:1   | magus.rc [v1.9.6]
 18078 | Lair:1   | You pick up a book of Geomancy and begin reading...
 18303 | Lair:1   | Reached skill level 6 in Spellcasting
 18847 | Lair:1   | Reached skill level 9 in Fighting
 19270 | Lair:3   | Reached skill level 7 in Spellcasting
 19632 | Lair:2   | Learned a level 3 spell: Stone Arrow
 20076 | Lair:2   | Identified the +7 shortbow of Guilt {freeze, rElec Dex+3}
 20080 | Lair:2   | Identified the +11 hunting sling "Eruire" {venom, rN+ Int+4
                  | Dex+3}
 20417 | Lair:2   | Reached skill level 10 in Fighting
 20513 | Lair:2   | Reached XP level 14. HP: 125/125 MP: 27/27
 21016 | Lair:2   | Identified the Volume of the Enchanting Rocks
 21052 | Lair:2   | You add the spells Confusing Touch, Yara's Violent
                  | Unravelling and Invisibility to your library.
 21119 | Lair:2   | Found a hole to the Spider Nest.
 21892 | Lair:3   | Reached skill level 8 in Spellcasting
 22166 | Lair:3   | magus.rc [v1.9.6]
 22204 | Lair:3   | Reached skill level 11 in Fighting
 22914 | Lair:3   | Reached skill level 12 in Fighting
 23659 | Lair:4   | Found a staircase to the Shoals.
 23788 | Lair:4   | You pick up a book of Debilitation and begin reading...
 23788 | Lair:4   | You add the spells Corona, Portal Projectile, Cause Fear
                  | and Leda's Liquefaction to your library.
 24172 | Lair:5   | Noticed Sonja
 24253 | Lair:4   | Reached skill level 13 in Fighting
 24442 | Lair:5   | You are cast into the Abyss!
 24442 | Lair:5   | Cast into level 1 of the Abyss (Sonja)
 24442 | Abyss:1  | Found a corrupted altar of Lugonu.
 24474 | Abyss:1  | Noticed a tentacled starspawn
 24478 | Lair:5   | You pass through the gate.
 24478 | Lair:5   | Escaped the Abyss
 24486 | Lair:5   | HP: 33/133 [poisoned by Sonja (curare-tipped dart)]
 24491 | Lair:4   | HP: 33/133 [poisoned by Sonja (curare-tipped dart)]
 25062 | D:15     | Entered Level 15 of the Dungeon
 25605 | D:14     | Reached skill level 5 in Stealth
 26057 | D:15     | Found Attoxud's Distillery.
 26076 | D:15     | Found a bloodstained altar of Trog.
 26078 | D:15     | You pick up a book of Hexes and begin reading...
 26078 | D:15     | You add the spells Silence and Discord to your library.
 26253 | D:15     | Reached skill level 1 in Short Blades
 26438 | D:15     | Identified the +6 longbow of Opra {venom, Contam rPois rC+
                  | rCorr}
 26568 | Orc:1    | Entered Level 1 of the Orcish Mines
 26572 | Orc:1    | Reached skill level 6 in Stealth
 26573 | Orc:1    | Identified a +2 robe of the Archmagi
 26852 | D:12     | Reached skill level 2 in Short Blades
 26939 | Orc:1    | Found a runed translucent gate.
 26939 | Orc:1    | Found a runed translucent gate.
 26940 | Orc:1    | Found a runed translucent gate.
 26943 | Orc:1    | Noticed freelancePsychic's ghost (journeyman DjNe)
 27033 | Orc:1    | Reached skill level 16 in Earth Magic
 27445 | Orc:2    | Entered Level 2 of the Orcish Mines
 27543 | Orc:2    | Found a staircase to the Elven Halls.
 27720 | Orc:2    | Found Ikhiafops's General Store.
 27797 | Orc:2    | Paralysed by an orc sorcerer for 5 turns
 27810 | Orc:2    | Reached XP level 15. HP: 119/140 MP: 16/29
 28094 | Orc:2    | Reached skill level 3 in Short Blades
 28425 | Orc:2    | Found Tamnely's Antique Weapon Shop.
 28425 | Orc:2    | Found Ybbuer's Assorted Antiques.
 28426 | Orc:2    | Found Ampon's Jewellery Emporium.
 28426 | Orc:2    | Found Edwycsio's Magic Scroll Emporium.
 28530 | Orc:2    | Bought a scroll of acquirement for 728 gold pieces
 28530 | Orc:2    | Acquired a book of Annihilations
 28533 | Orc:2    | You pick up a book of Annihilations and begin reading...
 28533 | Orc:2    | You add the spells Chain Lightning, Lehudib's Crystal
                  | Spear, Absolute Zero and Fire Storm to your library.
 28544 | Orc:2    | Learned a level 9 spell: Fire Storm
 28942 | Lair:5   | Killed Sonja
 28943 | Lair:5   | Reached skill level 7 in Stealth
 29317 | Lair:5   | Upgraded the game from 0.27-a0-1177-g245c70e1c0 to
                  | 0.27-a0-1181-g5f64966fcc
 29317 | Lair:5   | magus.rc [v1.9.6]
 29447 | Lair:6   | Entered Level 6 of the Lair of Beasts
 29559 | Lair:5   | HP: 29/141 [rime drake/flash freeze (34)]
 29971 | Lair:5   | Reached skill level 11 in Fire Magic
 30090 | Lair:5   | Reached skill level 10 in Conjurations
 30511 | Lair:5   | Reached **** piety under Ashenzari
 31104 | D:7      | Killed MikuNakano's ghost
 31258 | D:4      | Found a shadowy altar of Dithmenos.
 31273 | D:4      | Found a sparkling altar of Nemelex Xobeh.
 31510 | Orc:1    | Killed freelancePsychic's ghost
 31604 | Orc:2    | Bought an amulet of magic regeneration for 480 gold pieces
 32329 | Lair:6   | Reached skill level 11 in Conjurations
 32685 | Lair:6   | Found a viscous altar of Jiyva.
 32687 | Lair:6   | Found a staircase to the Slime Pits.
 33605 | Lair:6   | Reached skill level 12 in Fire Magic
 34190 | Lair:6   | Reached skill level 12 in Conjurations
 35220 | D:15     | Reached XP level 16. HP: 77/149 MP: 28/30
 35852 | D:15     | Found a staircase to the Depths.
 36436 | Spider:1 | Entered Level 1 of the Spider Nest
 36800 | Lair:2   | Reached skill level 13 in Conjurations
 36800 | Lair:2   | Reached skill level 13 in Fire Magic
 37455 | Spider:1 | Noticed Agnes
 37461 | Lair:2   | Killed Agnes
 37467 | Lair:2   | HP: 37/149 [poisoned by a redback]
 37472 | Lair:2   | HP: 35/149 [poisoned by a redback]
 38779 | Spider:2 | Noticed Arachne
 39133 | Spider:2 | Reached skill level 14 in Conjurations
 39220 | Spider:1 | HP: 36/149 [tarantella (14)]
 39221 | Spider:1 | HP: 15/149 [jumping spider (7)]
 39318 | Spider:1 | HP: 36/149 [poisoned by a wolf spider]
 39323 | Spider:1 | HP: 31/149 [poisoned by a wolf spider]
 39328 | Spider:1 | HP: 33/149 [poisoned by a wolf spider]
 39487 | Spider:1 | Succumbed to a redback's poison

Vanquished Creatures
  Agnes (Lair:2)
  3 dire elephants (Lair:6)
  A spark wasp (Spider:2)
  The ghost of freelancePsychic the Thaumaturge, a journeyman DjNe of Makhleb (Orc:1)
  2 entropy weavers (Lair:2)
  A yaktaur captain (D:8)
  A vault guard (D:14)
  A fire dragon (D:10)
  2 boulder beetles (Lair:3)
  Fannar (D:11)
  7 hydras
  A catoblepas (D:13)
  6 centaur warriors
  8 death yaks
  5 two-headed ogres
  A tengu warrior (D:9)
  A vampire mage (D:15)
  3 orc high priests (Orc:2)
  Sonja (Lair:5)
  Nergalle (D:10)
  A spectral death yak (Lair:6)
  2 skeletal warriors (D:15)
  A spark wasp zombie (D:15)
  A spectral anaconda (Lair:6)
  3 wizards
  7 orc knights
  5 necromancers
  An obsidian statue (Lair:6)
  The ghost of MikuNakano the Shield-Bearer, a novice VSFi of Sif Muna (D:7)
  2 deep elf pyromancers
  9 orb spiders (Spider:1)
  5 orc sorcerers
  3 oklob plants (Lair:2)
  7 wolf spiders
  25 ugly things
  4 cyclopes
  4 manticores
  23 elephants
  A black mamba (Lair:2)
  5 centaur zombies
  A merfolk siren (Lair:4)
  A dire elephant skeleton (Lair:6)
  A dire elephant zombie (Lair:6)
  3 gargoyles (D:12)
  5 rime drakes
  15 cane toads
  12 komodo dragons
  A cane toad (shapeshifter) (D:14)
  An unseen horror (D:10)
  An efreet (D:10)
  A tengu conjurer (D:15)
  7 trolls
  A troll (shapeshifter) (D:14)
  4 polar bears
  7 demonic crawlers
  A queen bee (Lair:2)
  12 jumping spiders
  7 blink frogs
  An ettin zombie (D:15)
  A slime creature (shapeshifter) (D:15)
  14 slime creatures
  A spectral elephant (Lair:6)
  2 spriggan zombies (D:15)
  27 redbacks
  11 tarantellas
  3 wraiths
  77 yaks
  12 basilisks
  14 vampire mosquitoes
  6 wyverns
  A human (shapeshifter) (D:10)
  3 steam dragons
  A chaos spawn (Lair:5)
  A death yak simulacrum (Lair:6)
  A warg (D:12)
  3 spectral cane toads (Lair:6)
  22 water moccasins
  15 orc warriors
  2 elephant zombies (Lair:6)
  10 ice beasts
  A sky beast (D:5)
  4 wolves (Lair:1)
  7 ogres
  5 boggarts (D:15)
  19 centaurs
  2 elephant skeletons (Lair:6)
  4 kobold brigands
  9 bullfrogs
  2 gnoll sergeants
  2 scorpions
  A wyvern zombie (D:8)
  A water moccasin skeleton (D:4)
  31 killer bees
  A troll skeleton (D:10)
  2 elephant simulacra (Lair:6)
  5 wights (D:8)
  5 spriggan skeletons (D:10)
  4 howler monkeys
  3 electric eels
  A crimson imp (D:12)
  A bullfrog zombie (D:5)
  12 orc priests
  A bullfrog skeleton (D:6)
  A hound (D:6)
  Crazy Yiuf (D:5)
  A jelly (D:6)
  A centaur skeleton (D:4)
  3 iguanas
  A warg simulacrum (Orc:1)
  20 orc wizards
  2 spectral orcs (Orc:1)
  12 adders
  12 gnolls
  A howler monkey skeleton (D:6)
  An ogre simulacrum (Orc:1)
  An ufetubus (D:7)
  2 orc simulacra (Orc:1)
  An adder skeleton (D:4)
  2 worms
  5 dart slugs
  43 orcs
  8 endoplasms
  4 giant cockroaches
  18 goblins
  8 hobgoblins
  2 jackals (D:5)
  29 kobolds
  2 quokkas (D:3)
  8 ball pythons
  4 bats
  3 frilled lizards
  4 rats
  A bush (Lair:5)
  2 foxfires (Lair:2)
793 creatures vanquished.

Vanquished Creatures (collateral kills)
  52 foxfires
52 creatures vanquished.

Vanquished Creatures (others)
  A yaktaur (D:11)
  3 bushes (Lair:6)
  2702 foxfires
  72 fungi
  116 plants
  28 withered plants
2922 creatures vanquished.

Grand Total: 3767 creatures vanquished

Table legend:
 A = Non-vault XP
 B = Vault XP
 C = Vault XP percentage of total XP
 D = Non-vault monster count
 E = Vault monster count
 F = Vault count percentage of total count
                 A         B        C        D         E       F
            +---------+---------+-------+---------+---------+-------
      Total |  127595 |   64821 |  33.7 |     578 |     212 |  26.8
            +---------+---------+-------+---------+---------+-------
        D:1 |      31 |       6 |  16.2 |      19 |       2 |   9.5
        D:2 |      23 |       0 |   0.0 |       7 |       0 |   0.0
        D:3 |      86 |      39 |  31.2 |      22 |       9 |  29.0
        D:4 |     325 |      17 |   5.0 |      29 |       3 |   9.4
        D:5 |     874 |      41 |   4.5 |      14 |       1 |   6.7
        D:6 |     743 |     142 |  16.0 |      13 |       9 |  40.9
        D:7 |    1161 |    1736 |  59.9 |      15 |       4 |  21.1
        D:8 |    4266 |    1680 |  28.3 |      43 |       8 |  15.7
        D:9 |    2396 |     878 |  26.8 |      33 |       1 |   2.9
       D:10 |    4235 |    7797 |  64.8 |      25 |      26 |  51.0
       D:11 |    4256 |     986 |  18.8 |      20 |       1 |   4.8
       D:12 |    7044 |     669 |   8.7 |      24 |       2 |   7.7
       D:13 |    8892 |       0 |   0.0 |      24 |       0 |   0.0
       D:14 |   15811 |    1024 |   6.1 |      38 |       1 |   2.6
       D:15 |    7790 |    4569 |  37.0 |      26 |       8 |  23.5
     Lair:1 |    4439 |       0 |   0.0 |      14 |       0 |   0.0
     Lair:2 |   14600 |   10359 |  41.5 |      45 |      50 |  52.6
     Lair:3 |   13337 |       0 |   0.0 |      30 |       0 |   0.0
     Lair:4 |    3145 |    4009 |  56.0 |      12 |       6 |  33.3
     Lair:5 |    8983 |    2753 |  23.5 |      31 |       5 |  13.9
     Lair:6 |    7951 |   18363 |  69.8 |      29 |      44 |  60.3
   Spider:1 |   12624 |       0 |   0.0 |      35 |       0 |   0.0
   Spider:2 |    3192 |       0 |   0.0 |       8 |       0 |   0.0
      Orc:1 |     948 |    1413 |  59.8 |      15 |       7 |  31.8
      Orc:2 |     443 |    8340 |  95.0 |       7 |      25 |  78.1
            +---------+---------+-------+---------+---------+-------

Illustrated notes

Table legend:
 A = Kills in this place as a percentage of kills in entire the game.
 B = Kills by you in this place as a percentage of kills by you in the entire game.
 C = Kills by friends in this place as a percentage of kills by friends in the entire game.
 D = Other kills in this place as a percentage of other kills in the entire game.
 E = Experience gained in this place as a percentage of experience gained in the entire game.
 F = Experience gained in this place divided by the number of levels of this place that you have seen.
                   A       B       C       D       E      F
               +-------+-------+-------+-------+-------+----------------------
         Total | 100.0 | 100.0 |   N/A |   N/A | 100.0 | 7400.6
       Dungeon |  54.1 |  54.1 |   N/A |   N/A |  40.3 | 5167.8
          Lair |  33.7 |  33.7 |   N/A |   N/A |  45.7 | 14656.5
   Spider Nest |   5.4 |   5.4 |   N/A |   N/A |   8.2 | 7908.0
  Orcish Mines |   6.8 |   6.8 |   N/A |   N/A |   5.8 | 5572.0
               +-------+-------+-------+-------+-------+----------------------

Table legend: (Time is in decaauts)
 A = Elapsed time spent in this place.
 B = Non-inter-level travel time spent in this place.
 C = Inter-level travel time spent in this place.
 D = Time resting spent in this place.
 E = Time spent auto-exploring this place.
 F = Levels seen in this place.
 G = Mean time per level.
                   A        B        C        D        E       F      G
               +--------+--------+--------+--------+--------+-----+--------+
         Total |  39694 |  35927 |   3767 |   9410 |  17933 |  26 | 1526.7 |
       Dungeon |  22182 |  19932 |   2250 |   3808 |  11394 |  15 | 1478.8 |
          Lair |  14054 |  12741 |   1313 |   4534 |   5364 |   6 | 2342.3 |
   Spider Nest |   1458 |   1436 |     22 |    589 |    479 |   2 |  729.0 |
  Orcish Mines |   1963 |   1782 |    181 |    478 |    695 |   2 |  981.5 |
         Abyss |     35 |     35 |      0 |      0 |      0 |   1 |   35.0 |
               +--------+--------+--------+--------+--------+-----+--------+

Top non-repeatable levels by time:
  Lair:2: 4468 daAuts
  Lair:6: 3050 daAuts
  Lair:4: 2070 daAuts
    D:10: 2041 daAuts
    D:14: 2036 daAuts
  Lair:3: 1855 daAuts
     D:8: 1827 daAuts
     D:4: 1825 daAuts
     D:6: 1787 daAuts
     D:3: 1546 daAuts
     D:7: 1536 daAuts
    D:13: 1514 daAuts
    D:12: 1492 daAuts
  Lair:5: 1385 daAuts
    D:15: 1363 daAuts
